 Dungeon Crawl Stone Soup version 0.31-a0-236-g9a0961fb85 (webtiles) character file.

Game seed: 8177384185344986299

356 Iich the Chopper (level 6, -5/41 (56) HPs)
             Began as a Hill Orc Fighter on July 10, 2023.
             Slain by Edmund the iguana (11 damage)
             ... on level 4 of the Dungeon.
             The game lasted 00:05:24 (2566 turns).

Iich the Chopper (Hill Orc Fighter)                 Turns: 2566, Time: 00:05:24

HP:   -5/41 (56)    AC: 12    Str: 25    XL:     6   Next: 63%
MP:   6/6           EV:  7    Int:  8    God:
Gold: 203           SH:  4    Dex: 12    Spells: 5/5 levels left

rFire   . . .        a - +1 war axe
rCold   . . .        c - +0 buckler
rNeg    . . .        r - +0 plate armour
rPois   .            (no helmet)
rElec   .            (no cloak)
rCorr   .            h - +0 pair of gloves
SInv    .            (no boots)
Will    .....        (no amulet) Stlth
                     o - +6 ring of strength
HPRegen 0.26/turn    w - ring of flight
MPRegen 0.10/turn

%: no passive effects
@: flying, very heavily drained
A: no striking features
a: no special abilities


You were on level 4 of the Dungeon.
You visited 1 branch of the dungeon, and saw 5 of its levels.

You collected 203 gold pieces.

Inventory:

Hand Weapons
 a - a +1 war axe (weapon)
Armour
 b - a +0 scale mail
 c - a +0 buckler (worn)
 h - a +0 pair of gloves (worn)
 r - a +0 plate armour (worn)
 u - a scarf of harm
Jewellery
 o - a +6 ring of strength (left hand)
 w - a ring of flight (right hand)
Wands
 q - a wand of polymorph (5)
Scrolls
 f - a scroll of poison
 g - a scroll of fog
 i - a scroll of enchant weapon
 j - a scroll of silence {unknown}
 l - a scroll of identify {unknown}
 m - a scroll of summoning {unknown}
 n - a scroll of vulnerability {unknown}
 p - a scroll of noise {unknown}
 s - a scroll of revelation {unknown}
 t - a scroll of teleportation
 v - a scroll of immolation {unknown}
Potions
 d - 3 potions of might
 e - a potion of attraction
 k - a potion of enlightenment


   Skills:
 + Level 5.3 Fighting
 * Level 6.6 Axes
 - Level 3.2 Armour
 + Level 2.3 Dodging
 - Level 3.2 Shields


You had 5 spell levels left.
You didn't know any spells.
Your spell library contained the following spells:

 Spells                   Type           Power      Damage    Failure   Level
 Hailstorm                Conj/Ice       0%         3d3       100%        3
 Ice Form                 Ice/Tmut       0%         N/A       100%        4
 Simulacrum               Ice/Necr       0%         N/A       100%        6


Dungeon Overview and Level Annotations

Branches:
Dungeon (5/15)
 Temple: D:4-7

Altars:

Shops:
D:3 =

Annotations:
D:4 Edmund


Message History

You block Edmund's attack.
You completely miss Edmund.
Edmund is heavily wounded.
Edmund hits you with a +1 dire flail of draining.
You feel drained.
You take 6 damage, and have 39/48 hp.
You hit Edmund.
Edmund is heavily wounded.
Edmund hits you with a +1 dire flail of draining!
You feel drained.
You take 12 damage, and have 27/46 hp. !!!!--MASSIVE DAMAGE--!!!!
You are too injured to fight recklessly!
You are too injured to fight recklessly!
You are too injured to fight recklessly!
You completely miss Edmund.
Edmund is heavily wounded.
Edmund hits you but does no damage.
You feel drained.
You slash Edmund!
Edmund is almost dead.
Edmund hits you with a +1 dire flail of draining!
* * * LOW HITPOINT WARNING * * *
You feel drained.
* * * LOW HITPOINT WARNING * * *
You block Edmund's attack.
You take 11 damage, and have 17/43 hp. !!!!--MASSIVE DAMAGE--!!!!
You barely miss Edmund.
Edmund is severely wounded.
Edmund hits you with a +1 dire flail of draining!
* * * LOW HITPOINT WARNING * * *
You feel drained.
* * * LOW HITPOINT WARNING * * *
You take 12 damage, and have 5/41 hp. !!!!--MASSIVE DAMAGE--!!!!
Aiming: Polymorph
Press: ? - help, Q - select action Shift-Dir - straight line, f - Edmund
Aim: Edmund, wielding a +1 dire flail of draining and wearing a +3 scale mail of cold resistance (severely wounded, will become a scorpion, an iguana, or a bullfrog, chance to affect: 49%) Edmund evaporates and reforms as an iguana!
You completely miss Edmund.
Edmund is heavily wounded.
Edmund bites you!
You die...

##.# #.....#
#.#.......#...#...
.#.### ###.###
#.#...<)♣.#..>#.##
.#...# #.#
#.#...........#.##
.#.#.###
#.#####.##♣....#........
.......#
#...÷..#..........#.#.##
...###.#
#######.###########.#.#
.#.# #.#########.# #.#.#
.#.# #.........l.# #.#.#
##.#############@# #.#.#
#..# #.# #.#.# ##.# #)#
#.#.# #.# #.# #...# #.#
#<# ###.## #.######
#.######### #...
#.##...## #.........#
#..# ###.#.....#
#########.#####.#.
..........# #.#....###


You could see Edmund the iguana.

Vanquished Creatures
  An ice beast (D:4)
  2 hounds (D:4)
  Ijyb (D:4)
  8 adders
  A worm (D:2)
  7 orcs
  12 ball pythons
  4 endoplasms
  7 giant cockroaches
  14 goblins
  10 hobgoblins
  7 kobolds
  2 quokkas
  5 bats
  3 frilled lizards
  9 rats
93 creatures vanquished.

Notes
Turn   | Place    | Note
-------+----------+-------------------------------------------
     0 | D:1      | Iich the Hill Orc Fighter began the quest for the Orb.
     0 | D:1      | Reached XP level 1. HP: 19/19 MP: 1/1
    23 | D:1      | Reached skill level 3 in Axes
    29 | D:1      | Reached XP level 2. HP: 25/27 MP: 2/2
   429 | D:1      | Reached XP level 3. HP: 33/33 MP: 3/3
   520 | D:1      | Reached skill level 4 in Axes
   549 | D:2      | Reached skill level 1 in Dodging
   675 | D:2      | You fall into a shaft and drop 1 floor!
   745 | D:2      | Reached XP level 4. HP: 32/40 MP: 4/4
   797 | D:2      | Found a faded altar of an unknown god.
   797 | D:2      | Noticed a floating eye
   812 | D:2      | Noticed a shining eye
   820 | D:2      | Noticed an eye of devastation
   823 | D:2      | Noticed a golden eye
  1202 | D:3      | Found Wiph's Jewellery Emporium.
  1486 | D:3      | Reached skill level 5 in Axes
  1812 | D:4      | Noticed Ijyb
  1849 | D:4      | Killed Ijyb
  1850 | D:4      | Reached XP level 5. HP: 47/47 MP: 5/5
  2098 | D:4      | Reached skill level 5 in Fighting
  2098 | D:4      | Reached skill level 6 in Axes
  2098 | D:4      | Reached XP level 6. HP: 54/56 MP: 6/6
  2520 | D:5      | Entered Level 5 of the Dungeon
  2520 | D:5      | Noticed Edmund
  2520 | D:5      | Noticed an ice beast
  2528 | D:4      | Killed an ice beast
  2565 | D:4      | Edmund changed into Edmund the iguana
  2565 | D:4      | Noticed Edmund
  2566 | D:4      | Slain by Edmund the iguana

Illustrated notes

Levels and vault maps discovered:
D:1:      tarquinn_simple_flora_water_c, layout_basic, st_stairs_10,
          minmay_tromino_v7
D:2:      layout_rooms, hellmonk_ecumenical_altar_watching_god
D:3:      layout_basic, serial_shops, nicolae_shop_gibbet_a_chance,
          kennysheep_generic_room_15
D:4:      layout_loops_ring, hangedman_abyss_or_decor_stagger,
          grunt_ministairs_1, uniq_ijyb
D:5:      layout_cave_pods, nicolae_shop_i_like_small_books_too, uniq_duvessa,
          uniq_prince_ribbit1, uniq_edmund, uniq_grinder,
          uniq_crazy_yiuf_cottage

Skill      XL: |  1  2  3  4  5 |
---------------+----------------+-----
Axes           | 3 4 5 6 |  6.6
Fighting       | 4 5 |  5.3
Dodging        | 1 2 |  2.3
Armour         | |  3.2
Shields        | |  3.2

Action                     |  1- 3 |  4- 6 || total
---------------------------+-------+-------++-------
  Melee: War axe           |   118 |   144 ||   262
         Unarmed           |       |     2 ||     2
  Evoke: Wand              |       |     1 ||     1
    Use: Scroll            |     1 |     3 ||     4
         Potion            |       |     2 ||     2
 Armour: Scale mail        |    56 |    31 ||    87
         Skin              |       |     8 ||     8
         Plate armour      |       |    25 ||    25
  Dodge: Dodged            |    59 |    60 ||   119
  Block: Buckler           |    18 |    30 ||    48

Table legend: (Time is in decaauts)
 A = Elapsed time spent in this place.
 B = Non-inter-level travel time spent in this place.
 C = Inter-level travel time spent in this place.
 D = Time resting spent in this place.
 E = Time spent auto-exploring this place.
 F = Levels seen in this place.
 G = Mean time per level.
                   A        B        C        D        E       F      G
               +--------+--------+--------+--------+--------+-----+--------+
         Total |   2646 |   2559 |     87 |     49 |   1865 |   5 |  529.2 |
       Dungeon |   2646 |   2559 |     87 |     49 |   1865 |   5 |  529.2 |
               +--------+--------+--------+--------+--------+-----+--------+

Top non-repeatable levels by time:
     D:3: 758 daAuts
     D:4: 749 daAuts
     D:1: 568 daAuts
     D:2: 565 daAuts
     D:5: 4 daAuts
